Rangers vs Lightning
(R1)
Created - March 12, 2023 at 19:17
Goals
|
| Rangers |
1 |
0 |
1 |
2 |
| Lightning |
1 |
1 |
1 |
3 |
|
Shots
|
| Rangers |
12 |
8 |
22 |
42 |
| Lightning |
10 |
8 |
7 |
25 |
|
1st period
1. Lightning , Mark Scheifele 30 (Shayne Gostisbehere 17, Alex Nedeljkovic) at 14:41
2. Rangers , Tomas Hertl 18 (Ryan Dzingel 10, Dmitry Kulikov 11) at 19:27
Penalties :
Brock Boeser (T.B) for Tripping (Minor) at 11:09, John Carlson (T.B) for Tripping (Minor) at 15:26
2nd period
3. Lightning , Brent Seabrook 4 (John Carlson 33, Antoine Vermette 7) at 14:16
Penalties :
Shayne Gostisbehere (T.B) for Roughing (Minor) at 1:12, Jesper Fast (T.B) for Hooking (Minor) at 3:44, Ryan Dzingel (NyR) for Cross-checking (Minor) at 10:07, Shayne Gostisbehere (T.B) for Hooking (Minor) at 16:02, Brent Seabrook (T.B) for Cross-checking (Minor) at 17:03
3rd period
4. Rangers , Devante Smith-Pelly 21 (Sean Couturier 43, Milan Lucic 30) at 11:28 (PP)
5. Lightning , Mark Scheifele 31 (Kasperi Kapanen 16) at 12:12 (PP)
Penalties :
Patrice Bergeron (T.B) for Slashing (Minor) at 4:46, Ryan Dzingel (NyR) for Cross-checking (Minor) at 5:14, Tyler Kennedy (T.B) for Slashing (Minor) at 11:17, Ryan Dzingel (NyR) for Roughing (Minor) at 12:09, John Carlson (T.B) for Hooking (Minor) at 13:37
Goalie Stats
Frederik Andersen (NyR), 22 saves from 25 shots - (0.880), L, 10-19-3, 59:07 minutes
Alex Nedeljkovic (T.B), 40 saves from 42 shots - (0.952), W, 22-13-3, 60:00 minutes
Players Stats for Rangers
Player Name G A P +/- PIM S H SB GA TA FO MP PP MP PK MP
------------------------------------------------------------------------------------
Brett Ponich 0 0 0 1 0 2 2 1 0 0 0/0 13:21 0:00 1:29
Cale Makar 0 0 0 0 0 3 0 3 0 0 0/0 26:09 8:42 0:40
Devante Smith-Pelly 1 0 1 0 0 3 2 0 0 1 3/5 20:20 7:22 0:31
Dmitry Kulikov 0 1 1 0 0 3 0 2 0 2 0/0 25:31 8:42 1:01
Henrik Samuelsson 0 0 0 -1 0 0 1 0 1 0 4/6 9:32 0:07 0:08
Jonas Brodin 0 0 0 -2 0 2 0 4 0 1 0/0 14:05 0:00 0:00
Luke Schenn 0 0 0 -2 0 3 0 1 1 0 0/0 22:05 4:52 0:21
Magnus Paajarvi 0 0 0 -1 0 1 2 0 1 0 1/1 8:33 0:04 0:39
Maxime Sauvé 0 0 0 -1 0 2 1 0 0 0 0/1 7:12 0:00 0:00
Milan Lucic 0 1 1 0 0 4 4 0 2 0 2/4 23:46 7:25 1:28
Patrik Nemeth 0 0 0 1 0 0 1 0 0 1 0/0 13:21 0:00 1:29
Richard Panik 0 0 0 -1 0 4 1 0 0 0 0/0 13:59 4:52 0:00
Ryan Dzingel 0 1 1 1 6 2 2 0 1 1 0/0 18:51 6:04 0:00
Ryan Strome 0 0 0 1 0 5 3 0 1 1 0/0 19:29 6:05 0:00
Sean Couturier 0 1 1 0 0 4 1 1 1 1 19/41 23:35 7:22 1:28
Stefan Noesen 0 0 0 -1 0 1 0 0 0 0 0/0 7:43 0:07 0:00
T.J Galiardi 0 0 0 -1 0 0 1 0 0 0 2/2 9:14 0:00 0:23
Tomas Hertl 1 0 1 1 0 3 1 0 1 1 0/9 19:10 6:05 0:23
Players Stats for Lightning
Player Name G A P +/- PIM S H SB GA TA FO MP PP MP PK MP
------------------------------------------------------------------------------------
Antoine Vermette 0 1 1 -1 0 0 0 0 0 0 1/2 7:10 0:07 0:20
Brendan Lemieux 0 0 0 1 0 7 1 1 0 2 0/1 13:46 1:17 0:55
Brent Seabrook 1 0 1 0 2 1 2 2 2 1 0/0 27:05 1:51 6:57
Brock Boeser 0 0 0 1 2 1 0 0 0 0 0/0 12:50 1:17 0:00
Jesper Fast 0 0 0 -1 2 0 0 0 1 0 0/0 8:44 0:00 2:02
Jimmy Vesey 0 0 0 1 0 0 0 0 0 1 0/0 7:45 0:07 0:00
Jiri Fischer 0 0 0 1 0 0 1 0 0 2 0/0 15:29 0:00 6:44
John Carlson 0 1 1 0 4 1 2 1 3 1 0/0 28:28 1:51 5:31
Kasperi Kapanen 0 1 1 0 0 0 0 0 0 0 0/0 16:36 1:06 0:00
Mark Scheifele 2 0 2 0 0 4 0 2 1 0 21/35 26:26 1:10 7:32
Max Pacioretty 0 0 0 0 0 4 0 0 0 0 4/5 26:02 1:03 7:15
Michael Kostka 0 0 0 1 0 0 0 0 2 1 0/0 14:05 0:00 5:18
Ondrej Palat 0 0 0 -1 0 1 0 0 0 0 0/0 6:43 0:00 0:00
Patrice Bergeron 0 0 0 1 2 1 1 0 0 0 9/16 15:46 0:03 4:04
Shayne Gostisbehere 0 1 1 0 4 3 0 0 0 0 0/0 17:58 0:39 0:22
Tyler Kennedy 0 0 0 1 2 1 0 0 0 0 0/1 13:00 0:03 4:02
Victor Hedman 0 0 0 0 0 1 0 3 0 1 0/0 16:58 0:39 2:15
Yanni Gourde 0 0 0 1 0 0 4 0 0 0 3/9 8:57 1:17 0:00
3 Stars
1 - Alex Nedeljkovic (T.B)
2 - Mark Scheifele (T.B)
3 - Tomas Hertl (NyR)
Power Play
Rangers - 1 on 9 Attempt(s) - 11.11%
Lightning - 1 on 3 Attempt(s) - 33.33%
Penalty Kill
Rangers - 2 on 3 Attempt(s) - 66.67%
- Score 0 goal in Penalty Kill
Lightning - 8 on 9 Attempt(s) - 88.89%
- Score 0 goal in Penalty Kill
Team Stat
Rangers - Hits : 22 - Faceoff Wins : 31 - Blocked Shots : 12 - Penalty Minutes : 6
Lightning - Hits : 11 - Faceoff Wins : 38 - Blocked Shots : 9 - Penalty Minutes : 18
Official
Referees : Wes McCauley and Conor O'Donnell
Linesman : Julien Fournier and Kory Nagy
Game Notes
No Game Note
Finance
Level 1 -- Attendance: 6000 (100.00%) -- Ticket Income $600,000
Level 2 -- Attendance: 4654 (93.08%) -- Ticket Income $279,240
Level 3 -- Attendance: 1886 (94.30%) -- Ticket Income $66,010
Level 4 -- Attendance: 4000 (100.00%) -- Ticket Income $100,000
Luxury Box -- Attendance: 997 (99.70%) -- Ticket Income $199,400
Game was played at the Amalie Arena.
Total Attendance: 17537 (97.43%)
Total Ticket Income: $1,244,650
Other Income: $186,698
Total Income: $1,431,348
Rangers
5 vs 5 Forward
Center Left Wing Right Wing Time % Phy DF OF
1 Sean Couturier Milan Lucic Devante Smith-Pelly 40 1 2 2
2 Tomas Hertl Ryan Dzingel Ryan Strome 30 1 2 2
3 Henrik Samuelsson T.J Galiardi Richard Panik 20 1 2 2
4 Maxime Sauvé Magnus Paajarvi Stefan Noesen 10 1 2 2
5 vs 5 Defense
Defense Defense Time % Phy DF OF
1 Cale Makar Dmitry Kulikov 32 1 2 2
2 Luke Schenn Jonas Brodin 31 1 2 2
3 Patrik Nemeth Brett Ponich 27 1 2 2
4 Cale Makar Luke Schenn 10 1 2 2
PowerPlay Forward
Center Left Wing Right Wing Time % Phy DF OF
1 Sean Couturier Milan Lucic Devante Smith-Pelly 60 1 1 3
2 Tomas Hertl Ryan Dzingel Ryan Strome 40 1 1 3
PowerPlay Defense
Defense Defense Time % Phy DF OF
1 Cale Makar Dmitry Kulikov 60 1 1 3
2 Luke Schenn Richard Panik 40 1 1 3
Penalty Kill 4 Players Forward
Center Wing Time % Phy DF OF
1 Sean Couturier Milan Lucic 60 1 3 1
2 Tomas Hertl T.J Galiardi 40 1 3 1
Penalty Kill 4 Players Defense
Defense Defense Time % Phy DF OF
1 Luke Schenn Dmitry Kulikov 60 1 3 1
2 Patrik Nemeth Brett Ponich 40 1 3 1
Penalty Kill - 3 Players Forward
Forward Time % Phy DF OF
1 Sean Couturier 60 1 3 1
2 Tomas Hertl 40 1 3 1
Penalty Kill - 3 Players Defense
Defense Defense Time % Phy DF OF
1 Luke Schenn Dmitry Kulikov 60 1 3 1
2 Patrik Nemeth Brett Ponich 40 1 2 2
4 vs 4 Forward
Center Wing Time % Phy DF OF
1 Sean Couturier Milan Lucic 60 1 2 2
2 Tomas Hertl T.J Galiardi 40 1 2 2
4 vs 4 Defense
Defense Defense Time % Phy DF OF
1 Luke Schenn Jonas Brodin 60 1 2 2
2 Cale Makar Dmitry Kulikov 40 1 2 2
Last Minutes Offensive
Center Left Wing Right Wing Defense Defense
Sean Couturier Milan Lucic Ryan Strome Luke Schenn Dmitry Kulikov
Last Minutes Defensive
Center Left Wing Right Wing Defense Defense
Sean Couturier Milan Lucic Ryan Strome Luke Schenn Dmitry Kulikov
Goaltenders
Starting : Frederik Andersen
Backup : Samuel Montembeault
Extra Forwards
Normal : Devante Smith-Pelly, Richard Panik, T.J Galiardi - PP : Devante Smith-Pelly, Richard Panik - PK : Devante Smith-Pelly
Extra Defensemen
Normal : Cale Makar, Jonas Brodin, Luke Schenn - PP : Cale Makar - PK : Cale Makar, Luke Schenn
Penalty Shots
Milan Lucic, Sean Couturier, Tomas Hertl, Ryan Strome, Devante Smith-Pelly
Scratches
None
Lightning
5 vs 5 Forward
Center Left Wing Right Wing Time % Phy DF OF
1 Mark Scheifele Max Pacioretty Kasperi Kapanen 40 1 2 2
2 Patrice Bergeron Brendan Lemieux Brock Boeser 30 1 2 2
3 Yanni Gourde Jimmy Vesey Tyler Kennedy 20 1 2 2
4 Antoine Vermette Ondrej Palat Jesper Fast 10 1 2 2
5 vs 5 Defense
Defense Defense Time % Phy DF OF
1 John Carlson Brent Seabrook 40 1 2 2
2 Shayne Gostisbehere Victor Hedman 30 1 2 2
3 Michael Kostka Jiri Fischer 20 1 2 2
4 John Carlson Shayne Gostisbehere 10 1 2 2
PowerPlay Forward
Center Left Wing Right Wing Time % Phy DF OF
1 Mark Scheifele Max Pacioretty Kasperi Kapanen 60 1 2 2
2 Yanni Gourde Brendan Lemieux Brock Boeser 40 1 2 2
PowerPlay Defense
Defense Defense Time % Phy DF OF
1 John Carlson Brent Seabrook 60 1 2 2
2 Shayne Gostisbehere Victor Hedman 40 1 2 2
Penalty Kill 4 Players Forward
Center Wing Time % Phy DF OF
1 Mark Scheifele Max Pacioretty 60 1 2 2
2 Patrice Bergeron Tyler Kennedy 40 1 2 2
Penalty Kill 4 Players Defense
Defense Defense Time % Phy DF OF
1 John Carlson Brent Seabrook 60 1 2 2
2 Michael Kostka Jiri Fischer 40 1 2 2
Penalty Kill - 3 Players Forward
Forward Time % Phy DF OF
1 Mark Scheifele 60 1 2 2
2 Patrice Bergeron 40 1 2 2
Penalty Kill - 3 Players Defense
Defense Defense Time % Phy DF OF
1 John Carlson Brent Seabrook 60 1 2 2
2 Michael Kostka Jiri Fischer 40 1 2 2
4 vs 4 Forward
Center Wing Time % Phy DF OF
1 Mark Scheifele Max Pacioretty 60 1 2 2
2 Patrice Bergeron Kasperi Kapanen 40 1 2 2
4 vs 4 Defense
Defense Defense Time % Phy DF OF
1 John Carlson Brent Seabrook 60 1 2 2
2 Shayne Gostisbehere Victor Hedman 40 1 2 2
Last Minutes Offensive
Center Left Wing Right Wing Defense Defense
Mark Scheifele Max Pacioretty Tyler Kennedy John Carlson Shayne Gostisbehere
Last Minutes Defensive
Center Left Wing Right Wing Defense Defense
Mark Scheifele Max Pacioretty Tyler Kennedy John Carlson Brent Seabrook
Goaltenders
Starting : Alex Nedeljkovic
Backup : Jimmy Howard
Extra Forwards
Normal : Tyler Kennedy, Jimmy Vesey, Jesper Fast - PP : Jimmy Vesey, Antoine Vermette - PK : Jesper Fast
Extra Defensemen
Normal : Shayne Gostisbehere, Jiri Fischer, John Carlson - PP : Shayne Gostisbehere - PK : Jiri Fischer, Victor Hedman
Penalty Shots
Mark Scheifele, Patrice Bergeron, Max Pacioretty, Yanni Gourde, Tyler Kennedy
Scratches
Alex Killorn (Healthy), Jonathan Sigalet (Strained Right Knee Injury), Scott Mayfield (Healthy)
% Time on Ice - Rangers
Lines # - Real PCT - Wanted PCT - Time Play
Normal Forward
1 - 32% - 40% - 13:18
2 - 30% - 30% - 12:22
3 - 21% - 20% - 8:31
4 - 17% - 10% - 7:12
Normal Defense
1 - 35% - 32% - 14:21
2 - 34% - 31% - 14:15
3 - 27% - 27% - 11:12
4 - 4% - 10% - 1:35
PP Forward
1 - 55% - 60% - 7:29
2 - 45% - 40% - 6:05
PP Defense
1 - 64% - 60% - 8:42
2 - 36% - 40% - 4:52
PK Forward
1 - 85% - 60% - 2:07
2 - 15% - 40% - 0:23
PK Defense
1 - 39% - 60% - 0:58
2 - 61% - 40% - 1:32
PK3 Forward
1 - 0% - 60%
2 - 0% - 40%
PK3 Defense
1 - 0% - 60%
2 - 0% - 40%
44 Forward
1 - 78% - 60% - 1:11
2 - 22% - 40% - 0:20
44 Defense
1 - 53% - 60% - 0:48
2 - 47% - 40% - 0:43
Last Minute Offensive - 1:02
Last Minute Defensive - 0:00
Total
Forward - 60:00
Defense - 60:00
|
% Time on Ice - Lightning
Lines # - Real PCT - Wanted PCT - Time Play
Normal Forward
1 - 37% - 40% - 15:21
2 - 28% - 30% - 11:42
3 - 18% - 20% - 7:38
4 - 16% - 10% - 6:43
Normal Defense
1 - 41% - 40% - 16:54
2 - 33% - 30% - 13:39
3 - 19% - 20% - 7:44
4 - 8% - 10% - 3:07
PP Forward
1 - 47% - 60% - 1:10
2 - 53% - 40% - 1:20
PP Defense
1 - 74% - 60% - 1:51
2 - 26% - 40% - 0:39
PK Forward
1 - 68% - 60% - 8:34
2 - 32% - 40% - 4:02
PK Defense
1 - 71% - 60% - 8:54
2 - 29% - 40% - 3:42
PK3 Forward
1 - 88% - 60% - 0:51
2 - 12% - 40% - 0:07
PK3 Defense
1 - 100% - 60% - 0:58
2 - 0% - 40% - 0:00
44 Forward
1 - 90% - 60% - 1:22
2 - 10% - 40% - 0:09
44 Defense
1 - 80% - 60% - 1:13
2 - 20% - 40% - 0:18
Last Minute Offensive - 0:00
Last Minute Defensive - 1:01
Total
Forward - 60:00
Defense - 60:00
|
Play-by-Play
1st period
0:01 of 1st period - Mark Scheifele wins face-off versus Sean Couturier in neutral zone.
0:08 of 1st period - Snap shot by Milan Lucic.
0:08 of 1st period - Shot Misses the Net.
0:10 of 1st period - Snap shot by Dmitry Kulikov.
0:10 of 1st period - Deflect By Sean Couturier.
0:10 of 1st period - Shot Misses the Net.
0:10 of 1st period - Puck is out of play.
0:11 of 1st period - Patrice Bergeron wins face-off versus Tomas Hertl in Lightning zone.
0:22 of 1st period - Slapshot by Victor Hedman.
0:22 of 1st period - Stopped by Frederik Andersen without a rebound.
0:23 of 1st period - Henrik Samuelsson wins face-off versus Yanni Gourde in Rangers zone.
0:23 of 1st period - Henrik Samuelsson is hit by Yanni Gourde.
1:01 of 1st period - Snap shot by Max Pacioretty.
1:01 of 1st period - Deflect By Mark Scheifele.
1:01 of 1st period - Stopped by Frederik Andersen with a rebound.
1:21 of 1st period - Off-side.
1:22 of 1st period - Magnus Paajarvi wins face-off versus Antoine Vermette in neutral zone.
1:47 of 1st period - John Carlson is hit by Milan Lucic and loses puck.
2:40 of 1st period - Snap shot by Yanni Gourde.
2:40 of 1st period - Shot Blocked by Dmitry Kulikov.
2:42 of 1st period - Slapshot by Shayne Gostisbehere.
2:42 of 1st period - Deflect By Cale Makar.
2:42 of 1st period - Stopped by Frederik Andersen with a rebound.
3:17 of 1st period - Icing by Sean Couturier.
3:18 of 1st period - Devante Smith-Pelly wins face-off versus Patrice Bergeron in Rangers zone.
3:45 of 1st period - Slapshot by Milan Lucic.
3:45 of 1st period - Stopped by Alex Nedeljkovic without a rebound.
3:46 of 1st period - Mark Scheifele wins face-off versus Tomas Hertl in Lightning zone.
3:53 of 1st period - Slapshot by Max Pacioretty.
3:53 of 1st period - Stopped by Frederik Andersen without a rebound.
3:54 of 1st period - Mark Scheifele wins face-off versus Tomas Hertl in Rangers zone.
4:46 of 1st period - Snap shot by Ryan Strome.
4:46 of 1st period - Stopped by Alex Nedeljkovic with a rebound.
5:43 of 1st period - Slapshot by Max Pacioretty.
5:43 of 1st period - Stopped by Frederik Andersen with a rebound.
5:56 of 1st period - Wrist shot by Tomas Hertl.
5:56 of 1st period - Shot Misses the Net.
5:58 of 1st period - Wrist shot by Luke Schenn.
5:58 of 1st period - Shot Misses the Net.
6:06 of 1st period - Slapshot by Luke Schenn.
6:06 of 1st period - Deflect By Tomas Hertl.
6:06 of 1st period - Stopped by Alex Nedeljkovic with a rebound.
6:08 of 1st period - Snap shot by Luke Schenn.
6:08 of 1st period - Stopped by Alex Nedeljkovic with a rebound.
6:10 of 1st period - Slapshot by Jonas Brodin.
6:10 of 1st period - Deflect By Shayne Gostisbehere.
6:10 of 1st period - Stopped by Alex Nedeljkovic without a rebound.
6:11 of 1st period - Sean Couturier wins face-off versus Yanni Gourde in Lightning zone.
6:21 of 1st period - Off-side.
6:22 of 1st period - Patrice Bergeron wins face-off versus Sean Couturier in neutral zone.
6:31 of 1st period - Snap shot by Brendan Lemieux.
6:31 of 1st period - Stopped by Frederik Andersen with a rebound.
6:33 of 1st period - Slapshot by Michael Kostka.
6:33 of 1st period - Deflect By Brendan Lemieux.
6:33 of 1st period - Shot Misses the Net.
6:33 of 1st period - Puck is out of play.
6:34 of 1st period - Milan Lucic wins face-off versus Yanni Gourde in Rangers zone.
6:43 of 1st period - Slapshot by Sean Couturier.
6:43 of 1st period - Stopped by Alex Nedeljkovic without a rebound.
6:44 of 1st period - Yanni Gourde wins face-off versus Sean Couturier in Lightning zone.
6:44 of 1st period - Yanni Gourde is hit by Devante Smith-Pelly.
6:51 of 1st period - Off-side.
6:52 of 1st period - Henrik Samuelsson wins face-off versus Brendan Lemieux in neutral zone.
6:55 of 1st period - Snap shot by Richard Panik.
6:55 of 1st period - Stopped by Alex Nedeljkovic without a rebound.
6:56 of 1st period - T.J Galiardi wins face-off versus Patrice Bergeron in Lightning zone.
7:22 of 1st period - Snap shot by Tyler Kennedy.
7:22 of 1st period - Shot Blocked by Cale Makar.
8:30 of 1st period - Ryan Strome is hit by Yanni Gourde and loses puck.
9:18 of 1st period - Snap shot by Patrice Bergeron.
9:18 of 1st period - Shot Misses the Net.
10:37 of 1st period - Brendan Lemieux is hit by Richard Panik and loses puck.
11:09 of 1st period - Minor Penalty to Brock Boeser for Tripping.
11:10 of 1st period - Sean Couturier wins face-off versus Mark Scheifele in Lightning zone.
12:11 of 1st period - Tomas Hertl is hit by Jiri Fischer and loses puck.
13:09 of 1st period - Penalty to Brock Boeser is over, Brock Boeser is back on ice.
13:42 of 1st period - John Carlson is hit by T.J Galiardi and loses puck.
14:41 of 1st period - Snap shot by Mark Scheifele.
14:41 of 1st period - Goal by Mark Scheifele - Rangers : 0 - Lightning : 1.
14:42 of 1st period - Mark Scheifele wins face-off versus Sean Couturier in neutral zone.
14:47 of 1st period - Snap shot by Mark Scheifele.
14:47 of 1st period - Stopped by Frederik Andersen without a rebound.
14:48 of 1st period - Sean Couturier wins face-off versus Max Pacioretty in Rangers zone.
14:48 of 1st period - Sean Couturier is hit by Brent Seabrook.
15:26 of 1st period - Minor Penalty to John Carlson for Tripping.
15:27 of 1st period - Milan Lucic wins face-off versus Mark Scheifele in Lightning zone.
16:42 of 1st period - Brendan Lemieux is hit by Ryan Strome and loses puck.
17:26 of 1st period - Penalty to John Carlson is over, John Carlson is back on ice.
17:59 of 1st period - John Carlson is hit by Maxime Sauvé and loses puck.
18:22 of 1st period - Snap shot by Maxime Sauvé.
18:22 of 1st period - Stopped by Alex Nedeljkovic with a rebound.
18:24 of 1st period - Slapshot by Brett Ponich.
18:24 of 1st period - Deflect By John Carlson.
18:24 of 1st period - Stopped by Alex Nedeljkovic without a rebound.
18:25 of 1st period - Henrik Samuelsson wins face-off versus Mark Scheifele in Lightning zone.
18:26 of 1st period - Snap shot by T.J Galiardi.
18:26 of 1st period - Shot Misses the Net.
18:28 of 1st period - Slapshot by Luke Schenn.
18:28 of 1st period - Shot Misses the Net.
18:34 of 1st period - Backhand shot by T.J Galiardi.
18:34 of 1st period - Shot Misses the Net.
18:36 of 1st period - Wrist shot by Luke Schenn.
18:36 of 1st period - Stopped by Alex Nedeljkovic with a rebound.
18:54 of 1st period - Off-side.
18:55 of 1st period - Patrice Bergeron wins face-off versus Tomas Hertl in neutral zone.
19:00 of 1st period - Slapshot by Brendan Lemieux.
19:00 of 1st period - Stopped by Frederik Andersen with a rebound.
19:08 of 1st period - Wrist shot by Brendan Lemieux.
19:08 of 1st period - Stopped by Frederik Andersen with a rebound.
19:27 of 1st period - Backhand shot by Tomas Hertl.
19:27 of 1st period - Goal by Tomas Hertl - Rangers : 1 - Lightning : 1.
19:28 of 1st period - Sean Couturier wins face-off versus Mark Scheifele in neutral zone.
19:43 of 1st period - Wrist shot by Sean Couturier.
19:43 of 1st period - Stopped by Alex Nedeljkovic with a rebound.
19:53 of 1st period - Brendan Lemieux is hit by Ryan Dzingel and loses puck.
Goals for this period are 1 for Rangers vs 1 for Lightning.
Shots for this period are 12 for Rangers vs 10 for Lightning.
2nd period
0:01 of 2nd period - Sean Couturier wins face-off versus Mark Scheifele in neutral zone.
0:38 of 2nd period - Snap shot by Brendan Lemieux.
0:38 of 2nd period - Stopped by Frederik Andersen without a rebound.
0:39 of 2nd period - Patrice Bergeron wins face-off versus Tomas Hertl in Rangers zone.
0:40 of 2nd period - Snap shot by Brendan Lemieux.
0:40 of 2nd period - Shot Blocked by Jonas Brodin.
0:46 of 2nd period - Snap shot by Ryan Dzingel.
0:46 of 2nd period - Stopped by Alex Nedeljkovic with a rebound.
0:48 of 2nd period - Snap shot by Tomas Hertl.
0:48 of 2nd period - Shot Blocked by John Carlson.
0:50 of 2nd period - Slapshot by Luke Schenn.
0:50 of 2nd period - Stopped by Alex Nedeljkovic without a rebound.
0:51 of 2nd period - Sean Couturier wins face-off versus Mark Scheifele in Lightning zone.
0:58 of 2nd period - Backhand shot by Cale Makar.
0:58 of 2nd period - Shot Blocked by Victor Hedman.
1:00 of 2nd period - Snap shot by Milan Lucic.
1:00 of 2nd period - Stopped by Alex Nedeljkovic with a rebound.
1:12 of 2nd period - Minor Penalty to Shayne Gostisbehere for Roughing.
1:13 of 2nd period - Mark Scheifele wins face-off versus Sean Couturier in Lightning zone.
1:28 of 2nd period - Wrist shot by Sean Couturier.
1:28 of 2nd period - Deflect By John Carlson.
1:28 of 2nd period - Stopped by Alex Nedeljkovic with a rebound.
2:16 of 2nd period - Richard Panik is hit by Patrice Bergeron.
2:38 of 2nd period - Slapshot by Brendan Lemieux.
2:38 of 2nd period - Shot Misses the Net.
3:12 of 2nd period - Penalty to Shayne Gostisbehere is over, Shayne Gostisbehere is back on ice.
3:18 of 2nd period - Snap shot by Ondrej Palat.
3:18 of 2nd period - Shot Misses the Net.
3:20 of 2nd period - Slapshot by Victor Hedman.
3:20 of 2nd period - Shot Blocked by Dmitry Kulikov.
3:22 of 2nd period - Slapshot by Shayne Gostisbehere.
3:22 of 2nd period - Stopped by Frederik Andersen without a rebound.
3:23 of 2nd period - Antoine Vermette wins face-off versus Maxime Sauvé in Rangers zone.
3:44 of 2nd period - Minor Penalty to Jesper Fast for Hooking.
3:45 of 2nd period - Mark Scheifele wins face-off versus Sean Couturier in Lightning zone.
4:25 of 2nd period - Slapshot by Cale Makar.
4:25 of 2nd period - Stopped by Alex Nedeljkovic with a rebound.
4:27 of 2nd period - Slapshot by Milan Lucic.
4:27 of 2nd period - Stopped by Alex Nedeljkovic without a rebound.
4:28 of 2nd period - Max Pacioretty wins face-off versus Tomas Hertl in Lightning zone.
5:11 of 2nd period - Cale Makar is hit by John Carlson and loses puck.
5:44 of 2nd period - Penalty to Jesper Fast is over, Jesper Fast is back on ice.
6:43 of 2nd period - Icing by Luke Schenn.
6:44 of 2nd period - Patrice Bergeron wins face-off versus Henrik Samuelsson in Rangers zone.
6:47 of 2nd period - Backhand shot by Brendan Lemieux.
6:47 of 2nd period - Stopped by Frederik Andersen with a rebound.
6:49 of 2nd period - Slapshot by Victor Hedman.
6:49 of 2nd period - Shot Misses the Net.
6:51 of 2nd period - Wrist shot by Brendan Lemieux.
6:51 of 2nd period - Stopped by Frederik Andersen with a rebound.
6:53 of 2nd period - Slapshot by Brendan Lemieux.
6:53 of 2nd period - Shot Blocked by Jonas Brodin.
6:55 of 2nd period - Wrist shot by Patrice Bergeron.
6:55 of 2nd period - Stopped by Frederik Andersen without a rebound.
6:56 of 2nd period - Devante Smith-Pelly wins face-off versus Mark Scheifele in Rangers zone.
7:00 of 2nd period - Off-side.
7:01 of 2nd period - Sean Couturier wins face-off versus Mark Scheifele in neutral zone.
8:09 of 2nd period - Jimmy Vesey is hit by Milan Lucic.
8:55 of 2nd period - Max Pacioretty is hit by Magnus Paajarvi and loses puck.
10:05 of 2nd period - Snap shot by Patrice Bergeron.
10:05 of 2nd period - Shot Blocked by Cale Makar.
10:07 of 2nd period - Minor Penalty to Ryan Dzingel for Cross-checking.
10:08 of 2nd period - Mark Scheifele wins face-off versus Sean Couturier in Rangers zone.
10:44 of 2nd period - Sean Couturier is hit by John Carlson and loses puck.
12:05 of 2nd period - Mark Scheifele is hit by Magnus Paajarvi.
12:07 of 2nd period - Penalty to Ryan Dzingel is over, Ryan Dzingel is back on ice.
12:11 of 2nd period - Snap shot by Ondrej Palat.
12:11 of 2nd period - Stopped by Frederik Andersen with a rebound.
12:39 of 2nd period - Michael Kostka is hit by Ryan Strome and loses puck.
12:50 of 2nd period - Snap shot by Milan Lucic.
12:50 of 2nd period - Stopped by Alex Nedeljkovic without a rebound.
12:51 of 2nd period - Patrice Bergeron wins face-off versus Sean Couturier in Lightning zone.
13:04 of 2nd period - Patrice Bergeron is hit by Sean Couturier and loses puck.
14:14 of 2nd period - Snap shot by John Carlson.
14:14 of 2nd period - Stopped by Frederik Andersen with a rebound.
14:16 of 2nd period - Slapshot by Brent Seabrook.
14:16 of 2nd period - Deflect By Magnus Paajarvi.
14:16 of 2nd period - Goal by Brent Seabrook - Rangers : 1 - Lightning : 2.
14:17 of 2nd period - Sean Couturier wins face-off versus Mark Scheifele in neutral zone.
15:33 of 2nd period - Snap shot by Richard Panik.
15:33 of 2nd period - Shot Misses the Net.
15:35 of 2nd period - Slapshot by Brett Ponich.
15:35 of 2nd period - Stopped by Alex Nedeljkovic without a rebound.
15:36 of 2nd period - Mark Scheifele wins face-off versus Sean Couturier in Lightning zone.
16:02 of 2nd period - Minor Penalty to Shayne Gostisbehere for Hooking.
16:03 of 2nd period - Devante Smith-Pelly wins face-off versus Mark Scheifele in Lightning zone.
16:17 of 2nd period - Slapshot by Cale Makar.
16:17 of 2nd period - Shot Misses the Net.
16:19 of 2nd period - Slapshot by Cale Makar.
16:19 of 2nd period - Shot Blocked by Mark Scheifele.
17:03 of 2nd period - Minor Penalty to Brent Seabrook for Cross-checking.
17:04 of 2nd period - Sean Couturier wins face-off versus Mark Scheifele in Lightning zone.
18:02 of 2nd period - Penalty to Shayne Gostisbehere is over, Shayne Gostisbehere is back on ice.
19:03 of 2nd period - Penalty to Brent Seabrook is over, Brent Seabrook is back on ice.
19:14 of 2nd period - Shayne Gostisbehere is hit by Henrik Samuelsson and loses puck.
19:34 of 2nd period - Shayne Gostisbehere is hit by Brett Ponich and loses puck.
Goals for this period are 0 for Rangers vs 1 for Lightning.
Shots for this period are 8 for Rangers vs 8 for Lightning.
3rd period
0:01 of 3rd period - Mark Scheifele wins face-off versus Devante Smith-Pelly in neutral zone.
0:14 of 3rd period - Slapshot by Devante Smith-Pelly.
0:14 of 3rd period - Deflect By Brent Seabrook.
0:14 of 3rd period - Shot Misses the Net.
0:14 of 3rd period - Puck is out of play.
0:15 of 3rd period - Max Pacioretty wins face-off versus Tomas Hertl in Lightning zone.
0:24 of 3rd period - John Carlson is hit by Ryan Dzingel and loses puck.
0:47 of 3rd period - Off-side.
0:48 of 3rd period - Patrice Bergeron wins face-off versus Milan Lucic in neutral zone.
0:53 of 3rd period - Wrist shot by Patrice Bergeron.
0:53 of 3rd period - Shot Misses the Net.
0:55 of 3rd period - Snap shot by Patrice Bergeron.
0:55 of 3rd period - Shot Misses the Net.
0:57 of 3rd period - Snap shot by Brendan Lemieux.
0:57 of 3rd period - Shot Misses the Net.
1:15 of 3rd period - Victor Hedman is hit by Brett Ponich and loses puck.
1:29 of 3rd period - Icing by Victor Hedman.
1:30 of 3rd period - Mark Scheifele wins face-off versus Henrik Samuelsson in Lightning zone.
1:56 of 3rd period - Max Pacioretty is hit by Devante Smith-Pelly and loses puck.
2:43 of 3rd period - Wrist shot by Stefan Noesen.
2:43 of 3rd period - Stopped by Alex Nedeljkovic with a rebound.
2:45 of 3rd period - Slapshot by Dmitry Kulikov.
2:45 of 3rd period - Stopped by Alex Nedeljkovic with a rebound.
2:47 of 3rd period - Snap shot by Maxime Sauvé.
2:47 of 3rd period - Stopped by Alex Nedeljkovic with a rebound.
2:49 of 3rd period - Slapshot by Cale Makar.
2:49 of 3rd period - Deflect By Magnus Paajarvi.
2:49 of 3rd period - Stopped by Alex Nedeljkovic without a rebound.
2:50 of 3rd period - Patrice Bergeron wins face-off versus Sean Couturier in Lightning zone.
2:56 of 3rd period - Off-side.
2:57 of 3rd period - Sean Couturier wins face-off versus Patrice Bergeron in neutral zone.
4:00 of 3rd period - Wrist shot by Ryan Strome.
4:00 of 3rd period - Stopped by Alex Nedeljkovic without a rebound.
4:01 of 3rd period - Mark Scheifele wins face-off versus Devante Smith-Pelly in Lightning zone.
4:27 of 3rd period - Brendan Lemieux is hit by Patrik Nemeth and loses puck.
4:34 of 3rd period - Wrist shot by T.J Galiardi.
4:34 of 3rd period - Shot Misses the Net.
4:36 of 3rd period - Wrist shot by Henrik Samuelsson.
4:36 of 3rd period - Shot Blocked by Victor Hedman.
4:38 of 3rd period - Wrist shot by Richard Panik.
4:38 of 3rd period - Stopped by Alex Nedeljkovic with a rebound.
4:40 of 3rd period - Slapshot by Luke Schenn.
4:40 of 3rd period - Shot Blocked by Brendan Lemieux.
4:46 of 3rd period - Minor Penalty to Patrice Bergeron for Slashing.
4:47 of 3rd period - Mark Scheifele wins face-off versus Sean Couturier in Lightning zone.
4:47 of 3rd period - Mark Scheifele is hit by Milan Lucic.
4:55 of 3rd period - Snap shot by Milan Lucic.
4:55 of 3rd period - Shot Misses the Net.
5:14 of 3rd period - Minor Penalty to Ryan Dzingel for Cross-checking.
5:15 of 3rd period - Sean Couturier wins face-off versus Mark Scheifele in Rangers zone.
5:24 of 3rd period - Backhand shot by Max Pacioretty.
5:24 of 3rd period - Stopped by Frederik Andersen with a rebound.
5:26 of 3rd period - Slapshot by Brent Seabrook.
5:26 of 3rd period - Shot Blocked by Luke Schenn.
5:28 of 3rd period - Slapshot by Brent Seabrook.
5:28 of 3rd period - Shot Hit the Post.
5:30 of 3rd period - Snap shot by Brent Seabrook.
5:30 of 3rd period - Deflect By Max Pacioretty.
5:30 of 3rd period - Stopped by Frederik Andersen without a rebound.
5:31 of 3rd period - Mark Scheifele wins face-off versus Sean Couturier in Rangers zone.
5:55 of 3rd period - Icing by Milan Lucic.
5:56 of 3rd period - Mark Scheifele wins face-off versus Milan Lucic in Rangers zone.
6:46 of 3rd period - Penalty to Patrice Bergeron is over, Patrice Bergeron is back on ice.
6:46 of 3rd period - Wrist shot by Kasperi Kapanen.
6:46 of 3rd period - Shot Blocked by Cale Makar.
6:48 of 3rd period - Snap shot by Shayne Gostisbehere.
6:48 of 3rd period - Deflect By Cale Makar.
6:48 of 3rd period - Stopped by Frederik Andersen without a rebound.
6:49 of 3rd period - Yanni Gourde wins face-off versus Sean Couturier in Rangers zone.
6:56 of 3rd period - Slapshot by Brent Seabrook.
6:56 of 3rd period - Deflect By Brendan Lemieux.
6:56 of 3rd period - Shot Blocked by Sean Couturier.
6:56 of 3rd period - Puck is out of play.
6:57 of 3rd period - Yanni Gourde wins face-off versus Sean Couturier in Rangers zone.
6:58 of 3rd period - Wrist shot by Brock Boeser.
6:58 of 3rd period - Stopped by Frederik Andersen with a rebound.
7:00 of 3rd period - Wrist shot by Yanni Gourde.
7:00 of 3rd period - Shot Blocked by Brett Ponich.
7:14 of 3rd period - Penalty to Ryan Dzingel is over, Ryan Dzingel is back on ice.
7:32 of 3rd period - Wrist shot by Henrik Samuelsson.
7:32 of 3rd period - Shot Misses the Net.
7:34 of 3rd period - Backhand shot by Richard Panik.
7:34 of 3rd period - Shot Misses the Net.
7:48 of 3rd period - Kasperi Kapanen is hit by Tomas Hertl and loses puck.
8:27 of 3rd period - Henrik Samuelsson is hit by Brendan Lemieux and loses puck.
8:36 of 3rd period - Snap shot by Brock Boeser.
8:36 of 3rd period - Shot Blocked by Jonas Brodin.
8:38 of 3rd period - Slapshot by Michael Kostka.
8:38 of 3rd period - Shot Blocked by Jonas Brodin.
8:48 of 3rd period - Michael Kostka is hit by Milan Lucic.
9:12 of 3rd period - Patrik Nemeth is hit by Yanni Gourde and loses puck.
9:17 of 3rd period - Backhand shot by Tyler Kennedy.
9:17 of 3rd period - Stopped by Frederik Andersen without a rebound.
9:18 of 3rd period - Mark Scheifele wins face-off versus Tomas Hertl in Rangers zone.
9:27 of 3rd period - Wrist shot by Tomas Hertl.
9:27 of 3rd period - Deflect By Ryan Strome.
9:27 of 3rd period - Shot Hit the Post.
9:27 of 3rd period - Puck is out of play.
9:28 of 3rd period - Max Pacioretty wins face-off versus Tomas Hertl in Lightning zone.
10:21 of 3rd period - Wrist shot by Tomas Hertl.
10:21 of 3rd period - Shot Misses the Net.
10:23 of 3rd period - Slapshot by Brett Ponich.
10:23 of 3rd period - Deflect By Tomas Hertl.
10:23 of 3rd period - Stopped by Alex Nedeljkovic with a rebound.
10:25 of 3rd period - Snap shot by Ryan Dzingel.
10:25 of 3rd period - Stopped by Alex Nedeljkovic without a rebound.
10:26 of 3rd period - Patrice Bergeron wins face-off versus Sean Couturier in Lightning zone.
10:33 of 3rd period - Snap shot by Devante Smith-Pelly.
10:33 of 3rd period - Shot Misses the Net.
10:35 of 3rd period - Slapshot by Cale Makar.
10:35 of 3rd period - Deflect By Brendan Lemieux.
10:35 of 3rd period - Stopped by Alex Nedeljkovic without a rebound.
10:36 of 3rd period - Sean Couturier wins face-off versus Patrice Bergeron in Lightning zone.
10:39 of 3rd period - Wrist shot by Milan Lucic.
10:39 of 3rd period - Deflect By Devante Smith-Pelly.
10:39 of 3rd period - Shot Hit the Post.
10:39 of 3rd period - Puck is out of play.
10:40 of 3rd period - Sean Couturier wins face-off versus Patrice Bergeron in Lightning zone.
11:05 of 3rd period - Henrik Samuelsson is hit by Yanni Gourde and loses puck.
11:17 of 3rd period - Minor Penalty to Tyler Kennedy for Slashing.
11:18 of 3rd period - Mark Scheifele wins face-off versus Sean Couturier in Lightning zone.
11:26 of 3rd period - Wrist shot by Sean Couturier.
11:26 of 3rd period - Shot Misses the Net.
11:28 of 3rd period - Wrist shot by Devante Smith-Pelly.
11:28 of 3rd period - Goal by Devante Smith-Pelly - Rangers : 2 - Lightning : 2.
11:29 of 3rd period - Sean Couturier wins face-off versus Mark Scheifele in neutral zone.
11:36 of 3rd period - Off-side.
11:37 of 3rd period - Mark Scheifele wins face-off versus Sean Couturier in neutral zone.
11:44 of 3rd period - Slapshot by Cale Makar.
11:44 of 3rd period - Shot Misses the Net.
12:09 of 3rd period - Minor Penalty to Ryan Dzingel for Roughing.
12:10 of 3rd period - Mark Scheifele wins face-off versus Sean Couturier in Rangers zone.
12:10 of 3rd period - Snap shot by Kasperi Kapanen.
12:10 of 3rd period - Shot Misses the Net.
12:12 of 3rd period - Slapshot by Mark Scheifele.
12:12 of 3rd period - Goal by Mark Scheifele - Rangers : 2 - Lightning : 3.
12:13 of 3rd period - Mark Scheifele wins face-off versus Sean Couturier in neutral zone.
12:44 of 3rd period - Slapshot by Jonas Brodin.
12:44 of 3rd period - Stopped by Alex Nedeljkovic without a rebound.
12:45 of 3rd period - T.J Galiardi wins face-off versus Patrice Bergeron in Lightning zone.
13:30 of 3rd period - Slapshot by Richard Panik.
13:30 of 3rd period - Stopped by Alex Nedeljkovic without a rebound.
13:31 of 3rd period - Sean Couturier wins face-off versus Yanni Gourde in Lightning zone.
13:32 of 3rd period - Wrist shot by Milan Lucic.
13:32 of 3rd period - Shot Misses the Net.
13:34 of 3rd period - Snap shot by Devante Smith-Pelly.
13:34 of 3rd period - Stopped by Alex Nedeljkovic without a rebound.
13:35 of 3rd period - Max Pacioretty wins face-off versus Sean Couturier in Lightning zone.
13:37 of 3rd period - Minor Penalty to John Carlson for Hooking.
13:38 of 3rd period - Mark Scheifele wins face-off versus Sean Couturier in Lightning zone.
14:31 of 3rd period - Snap shot by Tomas Hertl.
14:31 of 3rd period - Shot Misses the Net.
14:33 of 3rd period - Wrist shot by Ryan Dzingel.
14:33 of 3rd period - Shot Blocked by Brent Seabrook.
14:37 of 3rd period - Slapshot by Ryan Strome.
14:37 of 3rd period - Stopped by Alex Nedeljkovic with a rebound.
14:39 of 3rd period - Wrist shot by Ryan Strome.
14:39 of 3rd period - Shot Misses the Net.
14:41 of 3rd period - Slapshot by Dmitry Kulikov.
14:41 of 3rd period - Shot Blocked by Brent Seabrook.
14:43 of 3rd period - Slapshot by Ryan Dzingel.
14:43 of 3rd period - Shot Hit the Post.
14:45 of 3rd period - Snap shot by Dmitry Kulikov.
14:45 of 3rd period - Stopped by Alex Nedeljkovic with a rebound.
14:49 of 3rd period - Slapshot by Cale Makar.
14:49 of 3rd period - Shot Blocked by Victor Hedman.
14:51 of 3rd period - Slapshot by Dmitry Kulikov.
14:51 of 3rd period - Shot Blocked by Mark Scheifele.
14:55 of 3rd period - Snap shot by Tomas Hertl.
14:55 of 3rd period - Shot Misses the Net.
15:07 of 3rd period - Backhand shot by Dmitry Kulikov.
15:07 of 3rd period - Stopped by Alex Nedeljkovic without a rebound.
15:08 of 3rd period - Sean Couturier wins face-off versus Tyler Kennedy in Lightning zone.
15:09 of 3rd period - Snap shot by Devante Smith-Pelly.
15:09 of 3rd period - Stopped by Alex Nedeljkovic without a rebound.
15:10 of 3rd period - Sean Couturier wins face-off versus Patrice Bergeron in Lightning zone.
15:15 of 3rd period - Wrist shot by Devante Smith-Pelly.
15:15 of 3rd period - Shot Misses the Net.
15:17 of 3rd period - Wrist shot by Devante Smith-Pelly.
15:17 of 3rd period - Shot Misses the Net.
15:19 of 3rd period - Slapshot by Richard Panik.
15:19 of 3rd period - Stopped by Alex Nedeljkovic without a rebound.
15:20 of 3rd period - Mark Scheifele wins face-off versus Sean Couturier in Lightning zone.
15:37 of 3rd period - Penalty to John Carlson is over, John Carlson is back on ice.
16:56 of 3rd period - Off-side.
16:57 of 3rd period - Sean Couturier wins face-off versus Yanni Gourde in neutral zone.
17:10 of 3rd period - Slapshot by Cale Makar.
17:10 of 3rd period - Deflect By Tyler Kennedy.
17:10 of 3rd period - Stopped by Alex Nedeljkovic with a rebound.
18:09 of 3rd period - Sean Couturier is hit by Brent Seabrook and loses puck.
18:38 of 3rd period - Backhand shot by Brendan Lemieux.
18:38 of 3rd period - Stopped by Frederik Andersen without a rebound.
18:39 of 3rd period - Henrik Samuelsson wins face-off versus Yanni Gourde in Rangers zone.
19:04 of 3rd period - Jiri Fischer is hit by Ryan Strome and loses puck.
19:07 of 3rd period - Rangers, Frederik Andersen is pulled from the net.
19:09 of 3rd period - Slapshot by Ryan Strome.
19:09 of 3rd period - Shot Misses the Net.
19:11 of 3rd period - Slapshot by Luke Schenn.
19:11 of 3rd period - Shot Misses the Net.
19:13 of 3rd period - Backhand shot by Dmitry Kulikov.
19:13 of 3rd period - Deflect By Ryan Strome.
19:13 of 3rd period - Stopped by Alex Nedeljkovic with a rebound.
19:19 of 3rd period - Snap shot by Sean Couturier.
19:19 of 3rd period - Shot Misses the Net.
19:21 of 3rd period - Slapshot by Ryan Strome.
19:21 of 3rd period - Stopped by Alex Nedeljkovic with a rebound.
19:49 of 3rd period - Snap shot by Sean Couturier.
19:49 of 3rd period - Stopped by Alex Nedeljkovic without a rebound.
19:50 of 3rd period - Claude Julien call a timeout for Rangers.
19:50 of 3rd period - Sean Couturier wins face-off versus Mark Scheifele in Lightning zone.
Goals for this period are 1 for Rangers vs 1 for Lightning.
Shots for this period are 22 for Rangers vs 7 for Lightning.